 Dungeon Crawl Stone Soup version 0.29-a0-322-g68df515428 (webtiles) character file.

Game seed: 14818211297238024967

79427 freelancePsychic the Sharpshooter (level 15, -7/139 HPs)
             Began as a Grey Draconian Wanderer on Apr 6, 2022.
             Was the Champion of Nemelex Xobeh.
             Killed by divine providence
             ... invoked by a smoke demon
             ... summoned by a kobold demonologist
              (13 damage)
             ... on level 12 of the Dungeon.
             The game lasted 00:46:19 (27821 turns).

freelancePsychic the Sharpshooter (DrWn)           Turns: 27821, Time: 00:46:19

Health: -7/139     AC: -6    Str: 13    XL:     15   Next: 21%
Magic:  16/20      EV: 13    Int: 14    God:    Nemelex Xobeh [******]
Gold:   1539       SH:  0    Dex: 22    Spells: 7/16 levels left

rFire   + . .      SeeInvis +   a - +3 arbalest (flame)
rCold   x . .      Faith    .   (shield currently unavailable)
rNeg    . . .      Spirit   .   (body armour unavailable)
rPois   .          Reflect  .   (helmet restricted)
rElec   .          Harm     .   f - +2 cloak
rCorr   .          Rampage  .   n - +1 pair of gloves
Will    +....                   h - +2 pair of boots
Stlth   ++........              (no amulet)
HPRegen 0.33/turn               E - ring "Bofoesk" {Fire Dex+4}
MPRegen 0.17/turn               (no ring)

@: spiked, corroded
A: AC +14, amphibious, unfitting armour, cold-blooded, hooves 1, see invisible,
low MP 1
a: Renounce Religion, Draw Escape, Draw Destruction, Draw Summoning, Draw Stack,
Triple Draw, Deal Four, Stack Five


You were on level 12 of the Dungeon.
You worshipped Nemelex Xobeh.
Nemelex Xobeh was exalted by your worship.
You visited 2 branches of the dungeon, and saw 18 of its levels.
You also visited: Ice Cave and Volcano.

You collected 1913 gold pieces.
You spent 374 gold pieces at shops.

Inventory:

Hand Weapons
 a - a +3 arbalest of flaming (weapon)
 b - a +2 arbalest of freezing
Missiles
 t - 59 poisoned darts
 M - 2 throwing nets
Armour
 f - a +2 cloak (worn)
 h - a +2 pair of boots (worn)
 n - a +1 pair of gloves (worn)
Jewellery
 q - a ring of ice
 E - the ring "Bofoesk" (left hand) {Fire Dex+4}
   (You found it on level 7 of the Dungeon)

   [ring of fire]

   It enhances your fire magic.
   Dex:       It affects your dexterity (+4).
   rF:        It protects you from fire.
   rC:        It makes you vulnerable to cold.
 L - an amulet of guardian spirit
Wands
 s - a wand of polymorph (17)
 z - a wand of paralysis (6)
 D - a wand of iceblast (12)
 F - a wand of digging (21)
 H - a wand of flame (24)
 P - a wand of mindburst (6)
Scrolls
 c - a scroll of summoning
 e - a scroll of magic mapping
 g - a scroll of holy word
 i - 9 scrolls of teleportation {@r4}
 m - 10 scrolls of vulnerability
 o - 5 scrolls of amnesia
 r - a scroll of brand weapon
 y - 4 scrolls of fog
 A - 4 scrolls of blinking
 B - 2 scrolls of fear
 C - 4 scrolls of immolation
 K - 4 scrolls of identify {@r1}
 O - a scroll of silence
Potions
 d - 4 potions of attraction
 j - a potion of haste {@q3}
 k - 13 potions of curing {@q1}
 l - 5 potions of flight
 p - 4 potions of might
 u - 2 potions of magic
 v - a potion of lignification
 w - 4 potions of ambrosia
 x - 2 potions of cancellation
 G - 4 potions of mutation
 I - a potion of resistance
 J - a potion of heal wounds {@q2}
 N - 2 potions of berserk rage {unknown}


   Skills:
 + Level 14.3 Fighting
 - Level 4.6 Axes
 - Level 16.0 Crossbows
 - Level 1.7 Throwing
 * Level 2.8 Dodging
 - Level 1.0 Spellcasting
 - Level 2.6 Hexes
 + Level 9.2 Necromancy
 + Level 11.1 Earth Magic
 + Level 11.0 Invocations


You had 7 spell levels left.
You knew the following spells:

 Your Spells              Type           Power      Damage    Failure   Level
a - Dispel Undead         Necr           26%        3d13      6%          4
b - Borgnjor's Vile Clut  Necr/Erth      14%        N/A       11%         5

Your spell library contained the following spells:

 Spells                   Type           Power      Damage    Failure   Level
 Sandblast                Erth           62%        2d14      1%          1
 Vampiric Draining        Necr           26%        2d7       1%          3
 Passwall                 Tmut/Erth      13%        N/A       4%          2
 Animate Dead             Necr           13%        N/A       6%          4
 Slow                     Hex            32%        N/A       9%          1
 Stone Arrow              Conj/Erth      32%        3d9       9%          3
 Ensorcelled Hibernation  Hex/Ice        8%         N/A       22%         2
 Magic Dart               Conj           0%         1d3       26%         1
 Confusing Touch          Hex            8%         N/A       26%         3
 Call Imp                 Summ           0%         N/A       36%         2
 Searing Ray              Conj           0%         2d4       36%         2
 Static Discharge         Conj/Air       0%         N/A       36%         2
 Dazzling Flash           Conj/Hex       8%         N/A       41%         3
 Gell's Gravitas          Tloc           0%         N/A       61%         3
 Mephitic Cloud           Conj/Pois/Air  0%         N/A       61%         3
 Swiftness                Air            0%         N/A       61%         3
 Teleport Other           Tloc           0%         N/A       61%         3
 Death Channel            Necr           13%        N/A       67%         6
 Fulminant Prism          Conj/Hex       2%         3d6       83%         4
 Airstrike                Air            0%         N/A       95%         4
 Olgreb's Toxic Radiance  Pois           0%         N/A       95%         4
 Sticky Flame             Conj/Fire      1%         2d3       95%         4
 Summon Lightning Spire   Summ/Air       0%         N/A       95%         4
 Simulacrum               Ice/Necr       6%         N/A       99%         6
 Fireball                 Conj/Fire      0%         3d3       100%        5
 Freezing Cloud           Conj/Ice/Air   0%         6-21      100%        5
 Iskenderun's Battlesphe  Conj           0%         2d6       100%        5
 Lightning Bolt           Conj/Air       0%         1d11      100%        5
 Conjure Ball Lightning   Conj/Air       0%         3x3d6     100%        6
 Dispersal                Tloc           0%         N/A       100%        6
 Orb of Destruction       Conj           0%         9d5       100%        7
 Ozocubu's Refrigeration  Ice            0%         4d5       100%        7
 Ignition                 Fire           0%         3d3       100%        8
 Polar Vortex             Ice            0%         N/A       100%        9


Dungeon Overview and Level Annotations

Branches:
Dungeon (12/15)            Temple (0/1) D:6            Lair (6/6) D:8
  Swamp (0/4) Lair:2        Snake (0/4) Lair:2        Slime (0/5) Lair:5
    Orc (0/2) D:10          IceCv (visited)         Volcano (visited)

Altars:
Nemelex Xobeh
Ru
Trog

Shops:
D:2 [([?*   D:4 :   D:5 ([(*[

Annotations:
D:10 exclusion: downstairs


Innate Abilities, Weirdness & Mutations

Your dull iron-grey scales are very hard. (AC +14)
You are amphibious.
You cannot fit into any form of body armour.
You are cold-blooded and may be slowed by cold attacks.
You have large cloven feet.
You have supernaturally acute eyesight. (SInv)
Your magical capacity is low. (-10% MP)


Message History

The iron imp completely misses you. The red devil closely misses you.
The kobold misses you.
Shoot: a) +3 arbalest (flame)
Press: ? - help, Shift-Dir - straight line, f/p - kobold demonologist
Aim: a kobold demonologist, wielding a +0 dagger and wearing a +0 robe (heavily wounded, 69% to hit)
You shoot a bolt.
The bolt completely misses the iron imp.
The bolt closely misses the kobold demonologist.
The iron imp closely misses you.
The red devil hits you from afar with a +0 trident!!
Barbed spikes become lodged in your body.
The kobold hits you with a +0 dagger.
* * * LOW HITPOINT WARNING * * *
Shoot: a) +3 arbalest (flame)
Press: ? - help, Shift-Dir - straight line, f/p - kobold demonologist
Aim: a kobold demonologist, wielding a +0 dagger and wearing a +0 robe (heavily wounded, 69% to hit)
You shoot a bolt. The bolt hits the kobold demonologist!
The bolt burns the kobold demonologist.
The kobold demonologist is almost dead.
The red devil hits you from afar with a +0 trident!
* * * LOW HITPOINT WARNING * * *
Barbed spikes become lodged in your body.
The kobold demonologist mumbles some strange words.
The kobold hits you with a +0 dagger.
* * * LOW HITPOINT WARNING * * *
Shoot: a) +3 arbalest (flame)
Press: ? - help, Shift-Dir - straight line, f/p - kobold demonologist
Aim: a kobold demonologist, wielding a +0 dagger and wearing a +0 robe (almost dead, 69% to hit)
You shoot a bolt.
The bolt hits the kobold demonologist but does no damage.
The kobold demonologist is almost dead.
The iron imp misses you.
The red devil hits you from afar with a +0 trident!!
* * * LOW HITPOINT WARNING * * *
Barbed spikes become lodged in your body.
The kobold barely misses you. The smoke demon gestures at you.
Something smites you!
You die...
Your body glows slightly and disappears.

..............#......#.........#.
'####+#######'#......#...#####...
...................###...#....###
...................#.....'....#
................:..#.....#....#
..................######.######
...################...........#
...# .....4K.##.####.####.# ...#
.).>3)5@'#.#.......#.### ...#
####.##K##.#.##.##.#.#.# ...#
#.##.#.#...#.#.#.# ...#
#........_.......# ...#
#..#.#.#...#.#.###
...################.#.##.##.#.#
..................#.#.......#.#
..................#.####.####.#
..................#...........#


You could see a kobold demonologist, a smoke demon (summoned), a red devil
(summoned), an iron imp (summoned) and a kobold.

Vanquished Creatures
  A frost giant (IceCv)
  A fire dragon (Lair:6)
  5 hydras
  3 catoblepae
  A two-headed ogre (D:11)
  A centaur warrior (D:12)
  22 death yaks
  2 skeletal warriors (Volcano)
  2 fire crabs
  A death drake (Lair:2)
  2 bog bodies (Lair:2)
  2 anaconda skeletons (Volcano)
  2 orc knights (D:12)
  2 ugly things
  4 cyclopes
  An orc sorcerer (D:12)
  A manticore (Lair:6)
  A salamander (Lair:6)
  4 black mambas
  An ice statue (IceCv)
  15 elephants
  2 unseen horrors
  2 molten gargoyles (Lair:6)
  14 cane toads
  A torpor snail (Lair:4)
  5 gargoyles
  2 kobold demonologists (D:12)
  3 rime drakes
  7 komodo dragons
  A yaktaur (D:11)
  11 polar bears
  3 trolls
  A harpy skeleton (Volcano)
  A wolf spider simulacrum (D:12)
  5 slime creatures (D:12)
  A hornet (D:11)
  9 blink frogs
  A dream sheep (D:8)
  2 flying skulls (Volcano)
  3 shadows
  8 wyverns
  An alligator skeleton (Volcano)
  3 basilisks
  A hog (shapeshifter) (Lair:6)
  70 yaks
  A redback (Lair:6)
  4 steam dragons
  3 nagas (Lair:2)
  19 water moccasins
  6 hell hounds
  A floating eye (Lair:3)
  4 orc warriors
  An ice beast (D:7)
  6 black bears
  27 wolves
  3 centaurs
  2 ogres
  A phantom (D:10)
  5 gnoll sergeants
  4 kobold brigands
  17 bullfrogs
  A necrophage (D:6)
  3 scorpions
  11 wights
  6 killer bees (D:9)
  3 troll skeletons (Volcano)
  3 howler monkeys
  An electric eel (D:9)
  3 jellies
  4 lava snakes (Lair:6)
  A gnoll shaman (D:5)
  8 orc priests
  2 hounds
  7 iguanas
  11 orc wizards
  6 ogre zombies (D:10)
  4 naga skeletons (Volcano)
  A killer bee simulacrum (D:7)
  31 gnolls
  3 adders
  2 shadow imps (D:6)
  2 white imps (D:7)
  2 howler monkey simulacra (D:7)
  A dart slug (D:2)
  39 orcs
  12 ball pythons
  4 bats
  8 endoplasms
  3 giant cockroaches
  5 goblins
  4 hobgoblins
  4 jackals (D:1)
  4 quokkas
  5 frilled lizards
  2 goblin skeletons (D:10)
  5 goblin zombies (D:10)
  A hobgoblin skeleton (D:10)
  2 hobgoblin zombies (D:10)
  19 kobolds
  2 orc skeletons (D:10)
  7 orc zombies (D:10)
  3 rats
580 creatures vanquished.

Vanquished Creatures (collateral kills)
  A hydra (Lair:2)
  The ghost of jlumianski the Chopper, a novice DsFi (D:7)
  Pikel (D:5)
  An elephant (Lair:5)
  A basilisk (Lair:5)
  3 ice beasts (D:7)
  3 lemures (D:5)
  A phantom (D:5)
  An adder (D:5)
  A white imp (D:7)
  A worm (D:5)
  An orc (D:5)
  A jackal (D:4)
  A kobold (D:4)
18 creatures vanquished.

Vanquished Creatures (others)
  A flying skull (Volcano)
  An orc wizard (D:3)
  5 bushes (Lair:6)
  80 fungi
  99 plants
186 creatures vanquished.

Grand Total: 784 creatures vanquished

Notes
Turn   | Place    | Note
-------+----------+-------------------------------------------
     0 | D:1      | freelancePsychic the Draconian Wanderer began the quest for
                  | the Orb.
     0 | D:1      | freelancePsychic set off with the following items: a +2
                  | hand axe, 10 poisoned darts, a +0 dagger, a potion of
                  | attraction; and the following spell memorised: Slow; and
                  | the following spells available to memorise: Dazzling Flash
     0 | D:1      | Reached XP level 1. HP: 14/14 MP: 2/2
   120 | D:1      | Found a faded altar of an unknown god.
   125 | D:1      | Reached skill level 1 in Fighting
   129 | D:1      | Prayed at the altar of an unknown god.
   129 | D:1      | Became a worshipper of Nemelex Xobeh the Trickster
   129 | D:1      | Reached * piety under Nemelex Xobeh
   146 | D:1      | Received a gift from Nemelex Xobeh
   159 | D:1      | Reached XP level 2. HP: 20/23 MP: 3/3
   465 | D:1      | Reached skill level 1 in Invocations
   577 | D:1      | Reached XP level 3. HP: 26/29 MP: 4/4
   997 | D:2      | Found Diuc's Weapon Boutique.
  1028 | D:2      | Found Siepogib's Antique Armour Emporium.
  1113 | D:2      | Reached ** piety under Nemelex Xobeh
  1170 | D:2      | Found Sereilis's Armour Shop.
  1246 | D:2      | Found Kagoism's Magic Scroll Shop.
  1254 | D:2      | Bought a scroll of identify for 22 gold pieces
  1254 | D:2      | Bought a scroll of identify for 22 gold pieces
  1446 | D:2      | Found Xepsistre's General Store.
  1447 | D:2      | Received a gift from Nemelex Xobeh
  1834 | D:3      | Reached XP level 4. HP: 15/36 MP: 5/5
  2292 | D:3      | Reached skill level 1 in Crossbows
  2579 | D:4      | Received a gift from Nemelex Xobeh
  2586 | D:4      | Reached XP level 5. HP: 41/42 MP: 6/6
  2806 | D:4      | Reached *** piety under Nemelex Xobeh
  3015 | D:4      | HP: 2/42 [orc priest/divine providence (7)]
  3017 | D:4      | Gained mutation: You have supernaturally acute eyesight.
                  | (SInv) [potion of mutation]
  3017 | D:4      | Gained mutation: You have large cloven feet. [potion of
                  | mutation]
  3017 | D:4      | Gained mutation: Your magical capacity is low. (-10% MP)
                  | [potion of mutation]
  3553 | D:4      | Received a gift from Nemelex Xobeh
  3564 | D:4      | Found Voajuron's Book Shop.
  3570 | D:4      | Reached skill level 2 in Crossbows
  3803 | D:5      | Entered Level 5 of the Dungeon
  3803 | D:5      | Found Viokazil's Assorted Antiques.
  3814 | D:5      | Bought a scroll labelled RIMAIN UNEO for 23 gold pieces
  3816 | D:5      | Noticed a lemure
  3820 | D:5      | Noticed a lemure
  3821 | D:5      | Noticed a lemure
  3824 | D:5      | Killed a lemure
  3826 | D:5      | Noticed Pikel
  3826 | D:5      | Killed a lemure
  3827 | D:5      | Killed a lemure
  3827 | D:5      | Noticed a lemure
  3829 | D:5      | Killed Pikel
  3830 | D:5      | Reached skill level 4 in Crossbows
  3830 | D:5      | Reached XP level 6. HP: 52/53 MP: 6/8
  3830 | D:5      | Your scales start taking on a dull iron-grey colour.
  3830 | D:5      | Reached XP level 7. HP: 59/60 MP: 6/9
  3859 | D:5      | Found Oceklum's Weapon Shoppe.
  3905 | D:5      | Found Docosuer's Antique Armour Emporium.
  4060 | D:5      | Reached skill level 5 in Crossbows
  4148 | D:5      | Reached skill level 5 in Fighting
  4224 | D:5      | Reached XP level 8. HP: 45/68 MP: 10/10
  4286 | D:5      | Received a gift from Nemelex Xobeh
  4300 | D:5      | Reached skill level 5 in Invocations
  4541 | D:5      | Found Abroaraf's Antique Armour Shop.
  4553 | D:5      | Reached skill level 1 in Earth Magic
  4776 | D:5      | Found Ceyxt's Antique Weapon Shoppe.
  4781 | D:5      | Bought a runed arbalest for 157 gold pieces
  5197 | D:6      | Reached skill level 6 in Crossbows
  5487 | D:5      | Bought a pair of runed boots for 150 gold pieces
  5551 | D:6      | Found a staircase to the Ecumenical Temple.
  5581 | D:6      | Reached **** piety under Nemelex Xobeh
  5601 | D:6      | Reached XP level 9. HP: 72/78 MP: 12/12
  5912 | D:6      | You fall into a shaft and drop 2 floors!
  6209 | D:8      | Reached skill level 7 in Crossbows
  6462 | D:8      | Reached skill level 8 in Crossbows
  6489 | D:8      | Found a staircase to the Lair.
  6501 | D:8      | Noticed a deep elf pyromancer
  6515 | D:8      | a deep elf pyromancer changed into a dream sheep
  6865 | D:8      | Received a gift from Nemelex Xobeh
  7314 | D:7      | Reached XP level 10. HP: 88/88 MP: 14/14
  7565 | D:7      | Noticed jlumianski's ghost (novice DsFi)
  7775 | D:7      | Reached ***** piety under Nemelex Xobeh
  7775 | D:7      | Received a gift from Nemelex Xobeh
  7808 | D:7      | Reached skill level 9 in Crossbows
  7839 | D:7      | Found a runed translucent gate.
  7839 | D:7      | Found a runed translucent gate.
  7839 | D:7      | Found a runed translucent gate.
  7875 | D:7      | Killed jlumianski's ghost
  7905 | D:7      | Got the ring "Bofoesk" {Fire Dex+4}
  7961 | D:7      | Found a bloodstained altar of Trog.
  8277 | D:9      | Noticed a purple ugly thing
  8286 | D:9      | Killed a purple ugly thing
  8353 | D:9      | Found a sacrificial altar of Ru.
  8585 | D:8      | Reached skill level 10 in Crossbows
  9812 | D:9      | Reached XP level 11. HP: 88/97 MP: 16/16
 10054 | D:9      | Received a gift from Nemelex Xobeh
 10154 | D:10     | Entered Level 10 of the Dungeon
 10505 | D:10     | Noticed a catoblepas
 10512 | D:10     | Killed a catoblepas
 10513 | D:10     | Reached skill level 11 in Crossbows
 10596 | D:10     | Found a staircase to the Orcish Mines.
 11090 | D:10     | Received a gift from Nemelex Xobeh
 11178 | D:11     | Noticed a two-headed ogre
 11217 | D:11     | Killed a two-headed ogre
 11218 | D:11     | Reached skill level 10 in Fighting
 11218 | D:11     | Reached skill level 10 in Invocations
 11410 | D:11     | Noticed a death knight
 11428 | D:11     | Banished a death knight
 11444 | D:11     | Noticed a six-headed hydra
 11454 | D:11     | Noticed a radroach
 11454 | D:11     | a six-headed hydra changed into a radroach
 11455 | D:11     | a radroach changed into a yaktaur
 12218 | Lair:1   | Entered Level 1 of the Lair of Beasts
 12224 | Lair:1   | Learned a level 4 spell: Dispel Undead
 12230 | Lair:1   | Learned a level 5 spell: Borgnjor's Vile Clutch
 12301 | Lair:1   | Identified the +8 long sword "Joloidgh" {antimagic, *Slow
                  | rPois Int+7}
 12354 | Lair:1   | Reached skill level 12 in Crossbows
 12354 | Lair:1   | Reached skill level 1 in Necromancy
 12426 | Lair:1   | Received a gift from Nemelex Xobeh
 12852 | Lair:2   | Noticed a catoblepas
 12860 | Lair:2   | Killed a catoblepas
 12873 | Lair:2   | Received a gift from Nemelex Xobeh
 12882 | Lair:2   | Reached XP level 12. HP: 108/108 MP: 17/17
 12917 | Lair:2   | Found a frozen archway.
 12994 | IceCv    | Entered an ice cave
 13242 | IceCv    | Noticed a death yak
 13251 | IceCv    | Killed a death yak
 13678 | IceCv    | Reached skill level 5 in Earth Magic
 13704 | IceCv    | Noticed a death yak
 13704 | IceCv    | Noticed a frost giant
 13704 | IceCv    | Noticed a death yak
 13714 | IceCv    | Killed a death yak
 13715 | IceCv    | Identified the +0 trident "Ogumon Syopo" {vorpal, Will+
                  | MP+9 Dex+3}
 13745 | IceCv    | Killed a frost giant
 13746 | IceCv    | Reached skill level 13 in Crossbows
 14086 | IceCv    | Killed a death yak
 15117 | Lair:2   | Found a staircase to the Swamp.
 15269 | Lair:2   | Found a staircase to the Snake Pit.
 15287 | Lair:2   | Reached skill level 5 in Necromancy
 15988 | Lair:2   | Identified the +7 trident "Jalymp" {spect, rElec Will++}
 16173 | Lair:3   | Noticed a five-headed hydra
 16186 | Lair:2   | Reached XP level 13. HP: 108/118 MP: 18/18
 17276 | Lair:2   | Reached skill level 14 in Crossbows
 18724 | Lair:3   | Received a gift from Nemelex Xobeh
 19441 | Lair:3   | Received a gift from Nemelex Xobeh
 19804 | Lair:4   | Reached ****** piety under Nemelex Xobeh
 20011 | Lair:4   | Found a dark tunnel.
 20055 | Volcano  | Entered a volcano
 20677 | Volcano  | Reached XP level 14. HP: 100/129 MP: 4/19
 21012 | Lair:4   | Reached skill level 15 in Crossbows
 21330 | Lair:4   | Received a gift from Nemelex Xobeh
 21765 | Lair:4   | Received a gift from Nemelex Xobeh
 23137 | Lair:5   | Received a gift from Nemelex Xobeh
 23683 | Lair:5   | Found a staircase to the Slime Pits.
 24087 | Lair:6   | Entered Level 6 of the Lair of Beasts
 24092 | Lair:6   | Reached skill level 10 in Earth Magic
 24912 | Lair:6   | Received a gift from Nemelex Xobeh
 24915 | Lair:6   | Identified the +0 pair of gloves "Kyka Ako" {rF- Str+4
                  | Dex+2}
 24939 | Lair:6   | Reached skill level 16 in Crossbows
 25098 | Lair:6   | Found a large runed translucent door.
 25100 | Lair:6   | Found a large runed translucent door.
 25333 | Lair:6   | Received a gift from Nemelex Xobeh
 25498 | Lair:6   | Reached skill level 1 in Dodging
 26215 | Lair:6   | Reached XP level 15. HP: 60/138 MP: 5/20
 26814 | D:12     | Received a gift from Nemelex Xobeh
 27318 | D:12     | Received a gift from Nemelex Xobeh
 27674 | D:12     | Found a sacrificial altar of Ru.
 27821 | D:12     | HP: 6/139 [red devil/+0 trident[a kobold demonologist]
                  | (25)]
 27821 | D:12     | Killed from afar by a smoke demon

Illustrated notes

Levels and vault maps discovered:
D:1:      dpeg_arrival_yet_another_circle, layout_loops_ring,
          basic_ecumenical_altar, glass_columns_a
D:2:      layout_basic, serial_shops, shop, shop,
          nicolae_shop_competitors_out_of_business, shop, shop_statue
D:3:      layout_loops_cross
D:4:      layout_loops_corners, serial_shops, shop_fountains,
          minmay_misc_feat_ornament
D:5:      layout_loops_ring, serial_shops, nicolae_stop_n_shop_2,
          nicolae_shop_hallway_plus, nicolae_take_the_stairs, shop,
          nicolae_diamond_shop, guppyfry_early_orc_mine, uniq_pikel
D:6:      layout_loops_corners, minmay_temple_entry_gardened_gates
D:7:      layout_loops_ring, trog_ov_bears_minmay, gammafunk_ghost_icy
D:8:      layout_basic, due_lair_maze_entry_diamond
D:9:      layout_rooms, kennysheep_diamond
D:10:     layout_roguey, zombieorc1_lemuel
D:11:     minmay_general_purpose_star, layout_basic
D:12:     layout_gridville, dreamdust_wishing_well,
          nicolae_ru_sacrificial_ziggurat
Lair:1:   layout_concentric_octagons
Lair:2:   layout_layer_cave, skrybe_swamp_entry_bodies,
          guppyfry_snake_entry_garden, portal_ice_cave_entry_pillars_1,
          lemuel_fruit_fields
Lair:3:   layout_regular_city, guppyfry_lair_drakes, grunt_megastairs_5,
          lemuel_fruit_tree
Lair:4:   layout_cave_pods, enter_volcano_3, grunt_megastairs_4
Lair:5:   layout_roguey, dpeg_slime_entry_corner
Lair:6:   cheibrodos_lair_end_hotspot, layout_regular_city

Skill      XL: |  1  2  3  4  5  6  7  8  9 10 11 12 13 14 15 |
---------------+----------------------------------------------+-----
Fighting       | 1 2 4 5 6 8 9 10 12 13 14 | 14.3
Invocations    | 1 2 4 6 7 9 10 11 | 11.0
Crossbows      | 1 4 5 6 8 10 12 13 14 16 | 16.0
Earth Magic    | 2 3 6 8 10 11 | 11.1
Necromancy     | 2 5 7 8 9 |  9.2
Dodging        | 1 2 |  2.8
Axes           | |  4.6
Throwing       | |  1.7
Spellcasting   | |  1.0
Hexes          | |  2.6

Action                   |  1- 3 |  4- 6 |  7- 9 | 10-12 | 13-15 || total
-------------------------+-------+-------+-------+-------+-------++-------
Melee: Hand axe          |   109 |       |       |       |       ||   109
       Tailslap          |    14 |     5 |    14 |       |       ||    33
       Punch             |     2 |     1 |     1 |       |       ||     4
       War axe           |    18 |    80 |    84 |       |       ||   182
       Kick              |       |     4 |    23 |       |       ||    27
 Fire: Arbalest          |       |       |   163 |   626 |   730 ||  1519
 Cast: Borgnjor's Vile C |       |       |       |       |    80 ||    80
       Dispel Undead     |       |       |       |       |    14 ||    14
Invok: Draw Destruction  |       |     9 |    12 |    27 |    22 ||    70
       Draw Summoning    |       |     3 |       |     4 |     3 ||    10
       Draw Escape       |       |       |     2 |     2 |     6 ||    10
       Stack Five        |       |       |       |     1 |       ||     1
       Draw Stack        |       |       |       |     2 |       ||     2
  Use: Scroll            |     3 |     8 |     4 |    13 |     3 ||    31
       Potion            |       |     4 |       |     2 |       ||     6
 Stab: Distracted        |       |     1 |       |       |       ||     1
Armor: Skin              |    56 |    46 |   130 |   288 |   417 ||   937
Dodge: Dodged            |    88 |    26 |   120 |   258 |   402 ||   894

Table legend: (Time is in decaauts)
 A = Elapsed time spent in this place.
 B = Non-inter-level travel time spent in this place.
 C = Inter-level travel time spent in this place.
 D = Time resting spent in this place.
 E = Time spent auto-exploring this place.
 F = Levels seen in this place.
 G = Mean time per level.
                   A        B        C        D        E       F      G
               +--------+--------+--------+--------+--------+-----+--------+
         Total |  28201 |  27256 |    945 |   3268 |  19789 |  20 | 1410.1 |
       Dungeon |  13637 |  13147 |    490 |    523 |  10464 |  12 | 1136.4 |
          Lair |  11588 |  11133 |    455 |   2124 |   7593 |   6 | 1931.3 |
      Ice Cave |   2106 |   2106 |      0 |    440 |   1203 |   1 | 2106.0 |
       Volcano |    869 |    869 |      0 |    181 |    529 |   1 |  869.0 |
               +--------+--------+--------+--------+--------+-----+--------+

Top non-repeatable levels by time:
  Lair:2: 3541 daAuts
     D:8: 2443 daAuts
  Lair:6: 2165 daAuts
  Lair:4: 2145 daAuts
   IceCv: 2106 daAuts
  Lair:5: 1639 daAuts
  Lair:3: 1450 daAuts
     D:4: 1263 daAuts
     D:6: 1156 daAuts
    D:12: 1119 daAuts
    D:10: 1116 daAuts
     D:5: 1112 daAuts
     D:9: 1024 daAuts
    D:11: 993 daAuts
     D:3: 983 daAuts
